 Dungeon Crawl Stone Soup version 0.31-a0-1010-g5322dac6a2 (webtiles) character file.

Game seed: 4903374442812654409

128 Maratek the Trooper (level 4, -1/35 HPs)
             Began as a Demonspawn Fighter on Nov 16, 2023.
             Slain by an iguana (7 damage)
             ... on level 3 of the Dungeon.
             The game lasted 00:02:32 (1958 turns).

Maratek the Trooper (Demonspawn Fighter)            Turns: 1958, Time: 00:02:33

Health: -1/35      AC:  6    Str: 18    XL:     4   Next: 87%
Magic:  4/4        EV:  9    Int:  9    God:
Gold:   133        SH:  4    Dex: 13    Spells: 3/3 levels left

rFire   . . .        a - +0 trident
rCold   . . .        c - +0 buckler
rNeg    . . .        b - +0 scale mail
rPois   .            (no helmet)
rElec   .            (no cloak)
rCorr   .            (no gloves)
SInv    +            (no boots)
Will    .....        m - amulet of the acrobat Stlth
                     f - ring of see invisible
HPRegen 0.25/turn    (no ring)
MPRegen 0.09/turn

%: acrobat
@: mighty, lethally poisoned (-1 -> -4)
A: powered by death 1
a: no special abilities


You were on level 3 of the Dungeon.
You visited 1 branch of the dungeon, and saw 3 of its levels.

You collected 133 gold pieces.

Inventory:

Hand Weapons
 a - a +0 trident (weapon)
Armour
 b - a +0 scale mail (worn)
 c - a +0 buckler (worn)
Jewellery
 f - a ring of see invisible (left hand)
 m - an amulet of the acrobat (around neck)
Scrolls
 g - a scroll of acquirement {unknown}
 i - a scroll of identify {unknown}
 j - a scroll of fog {unknown}
 k - a scroll of poison {unknown}
 l - 2 scrolls of teleportation {unknown}
 o - a scroll of noise {unknown}
 p - a scroll of revelation {unknown}
Potions
 e - 2 potions of enlightenment {unknown}
 h - a potion of brilliance {unknown}
 n - a potion of ambrosia {unknown}


   Skills:
 + Level 3.5 Fighting
 + Level 3.1 Polearms
 + Level 3.4 Armour
 + Level 1.0 Dodging
 + Level 3.0 Shields


You had 3 spell levels left.
You didn't know any spells.
Your spell library contained the following spells:

 Spells                   Type           Power      Damage    Failure   Level
 Apportation              Tloc           0%         N/A       85%         1
 Jinxbite                 Hex            0%         N/A       94%         2
 Alistair's Intoxication  Tmut/Pois      0%         N/A       100%        5


Dungeon Overview and Level Annotations

Branches:
Dungeon (3/15)

Altars:

Shops:
D:1 !


Innate Abilities, Weirdness & Mutations

You regenerate a little health from kills.


Message History

The adder bites you. The iguana closely misses you.
You hit the iguana.
The iguana is heavily wounded.
The adder bites you but does no damage. The iguana bites you!
The adder barely misses you.
You are too injured to fight recklessly!
You are too injured to fight recklessly!
You are too injured to fight recklessly!
You are too injured to fight recklessly!
You are too injured to fight recklessly!
You are too injured to fight recklessly!
You are too injured to fight recklessly!
You are too injured to fight recklessly!
You are too injured to fight recklessly!
You are too injured to fight recklessly!
You are too injured to fight recklessly!
You are too injured to fight recklessly!
You are too injured to fight recklessly!
You are too injured to fight recklessly!
You are too injured to fight recklessly!
You are too injured to fight recklessly!
You are too injured to fight recklessly!
You are too injured to fight recklessly!
You are too injured to fight recklessly!
You are too injured to fight recklessly!
You barely miss the iguana.
The iguana is heavily wounded.
The adder misses you.
The iguana bites you but does no damage.
You hit the iguana.
The iguana is severely wounded.
The adder bites you but does no damage. The iguana bites you.
* * * LOW HITPOINT WARNING * * *
The adder bites you.
* * * LOW HITPOINT WARNING * * *
You are poisoned.
The adder poisons you!
You feel very mighty all of a sudden.
You feel sick. The iguana bites you!
You die...

... ..##........
.......##. ...
.................
.........##..... ..
...............# ...
...............###.....
...(....................
......l..##...........#.
......S@###.............
...............#........
....###........#........
... #................. .
#.................
#.................
#........>†.......
#.................
##................


You could see an iguana and an adder.

Vanquished Creatures
  A hound (D:3)
  2 adders
  A worm (D:3)
  3 dart slugs (D:3)
  7 endoplasms
  3 giant cockroaches
  10 goblins
  3 hobgoblins
  9 jackals
  9 kobolds
  A quokka (D:2)
  2 ball pythons
  4 bats
  4 frilled lizards
  8 rats
67 creatures vanquished.

Notes
Turn   | Place    | Note
-------+----------+-------------------------------------------
     0 | D:1      | Maratek the Demonspawn Fighter began the quest for the Orb.
     0 | D:1      | Reached XP level 1. HP: 18/18 MP: 1/1
   167 | D:1      | Gained mutation: You regenerate a little health from kills.
                  | [demonic ancestry]
   167 | D:1      | Reached XP level 2. HP: 24/24 MP: 2/2
   343 | D:1      | Found Vory's Distillery.
   556 | D:1      | Reached XP level 3. HP: 27/29 MP: 3/3
   905 | D:2      | Found a faded altar of an unknown god.
  1589 | D:3      | Reached XP level 4. HP: 35/35 MP: 4/4
  1743 | D:3      | Reached skill level 1 in Dodging
  1958 | D:3      | Slain by an iguana

Illustrated notes

Levels and vault maps discovered:
D:1:      dpeg_arrival_round_c, layout_loops_ring, serial_shops, shop,
          minivault_25
D:2:      layout_loops_ring, shapermc_ecumenical_altar_mp_vishouse
D:3:      layout_basic

Skill      XL: |  1  2  3  4 |
---------------+-------------+-----
Polearms       | 2 3 |  3.1
Armour         | 3 |  3.4
Shields        | 3 |  3.0
Dodging        | 1 |  1.0
Fighting       | |  3.5

Action                     |  1- 3 |  4- 6 || total
---------------------------+-------+-------++-------
  Melee: Trident           |   176 |    67 ||   243
    Use: Potion            |       |     1 ||     1
 Armour: Scale mail        |   103 |    60 ||   163
  Dodge: Dodged            |    63 |    37 ||   100
  Block: Buckler           |    40 |    15 ||    55

Table legend: (Time is in decaauts)
 A = Elapsed time spent in this place.
 B = Non-inter-level travel time spent in this place.
 C = Inter-level travel time spent in this place.
 D = Time resting spent in this place.
 E = Time spent auto-exploring this place.
 F = Levels seen in this place.
 G = Mean time per level.
                   A        B        C        D        E       F      G
               +--------+--------+--------+--------+--------+-----+--------+
         Total |   2011 |   1953 |     58 |    116 |   1375 |   3 |  670.3 |
       Dungeon |   2011 |   1953 |     58 |    116 |   1375 |   3 |  670.3 |
               +--------+--------+--------+--------+--------+-----+--------+

Top non-repeatable levels by time:
     D:1: 816 daAuts
     D:2: 806 daAuts
     D:3: 388 daAuts
